 Dungeon Crawl Stone Soup version 0.28-a0-1130-gc51a68064b (webtiles) character file.

Game seed: 9654505114872026732

61 Adrian566 the Skirmisher (level 3, -1/42 (43) HPs)
             Began as a Demonspawn Fighter on Dec 13, 2021.
             Slain by Crazy Yiuf (3 damage)
             ... on level 2 of the Dungeon.
             The game lasted 00:02:04 (2379 turns).

Adrian566 the Skirmisher (Demonspawn Fighter)       Turns: 2379, Time: 00:02:04

HP:   -1/42 (43)    AC: 21    Str: 18    XL:     3   Next: 83%
MP:   3/3           EV:  2    Int:  9    God:
Gold: 64            SH:  8    Dex: 12    Spells: 2/2 levels left

rFire   . . .      SeeInvis .   a - +0 long sword
rCold   . . .      Faith    .   c - +0 buckler
rNeg    . . .      Spirit   .   (armour currently unavailable)
rPois   +          Reflect  .   (helmet currently unavailable)
rElec   .          Harm     .   (cloak currently unavailable)
rCorr   .          Rampage  .   (gloves currently unavailable)
Will    .....      NoTele   +   (boots currently unavailable)
Stlth   +.........              (no amulet)
HPRegen 0.14/turn               (no ring)
MPRegen 0.08/turn               (no ring)

@: lethally poisoned (-1 -> -3), tree-form, lightly drained
A: stationary, stasis, torment immunity, boosted hp, (claws 1), condensation
shield
a: no special abilities


You were on level 2 of the Dungeon.
You were a tree.
You visited 1 branch of the dungeon, and saw 2 of its levels.

You collected 64 gold pieces.

Inventory:

Hand Weapons
 a - a +0 long sword (weapon)
Armour
 b - a +0 scale mail (melded)
 c - a +0 buckler (worn)
Jewellery
 i - an amulet of guardian spirit
Scrolls
 f - 2 scrolls of immolation
 g - a scroll of amnesia
 h - a scroll of identify


   Skills:
 + Level 3.3 Fighting
 + Level 2.5 Long Blades
 + Level 3.3 Armour
 + Level 0.1 Dodging
 + Level 3.0 Shields


You had 2 spell levels left.
You didn't know any spells.
Your spell library was empty.

Dungeon Overview and Level Annotations

Branches:
Dungeon (2/15)

Altars:
Uskayaw

Shops:
D:2 =

Annotations:
D:2 Crazy Yiuf


Innate Abilities, Weirdness & Mutations

You are a tree.
Your roots penetrate the ground, keeping you stationary.
You cannot be teleported.
You are immune to unholy pain and torment.
Your maximum health is greatly increased.
Your equipment is partially melded.
((You have sharp fingernails.))
A meltable shield of frost defends you. (SH +4)


Message History

You open the door.
Really quaff the potion of lignification? [Y]es or [N]o only, please.
Really quaff the potion of lignification?
You turn into a tree.
Your +0 scale mail melds into your body.
Your roots penetrate the ground.
Crazy Yiuf hits you but does no damage.
You are poisoned.
You hit Crazy Yiuf but do no damage.
You feel very sick. You block Crazy Yiuf's attack.
Crazy Yiuf hits you with a +4 quarterstaff of chaos.
You are more poisoned.
You barely miss Crazy Yiuf.
You feel very sick.
Crazy Yiuf hits you with a +4 quarterstaff of chaos.
You feel drained.
You slash Crazy Yiuf!
Crazy Yiuf is moderately wounded.
You feel very sick. Crazy Yiuf hits you but does no damage.
Crazy Yiuf barely misses you.
You hit Crazy Yiuf.
Crazy Yiuf is heavily wounded.
You feel very sick. You block Crazy Yiuf's attack.
You hit Crazy Yiuf but do no damage.
Crazy Yiuf is heavily wounded.
You feel very sick. You block Crazy Yiuf's attack.
You hit Crazy Yiuf.
Crazy Yiuf is almost dead.
You feel sick.
Crazy Yiuf hits you with a +4 quarterstaff of chaos!
* * * LOW HITPOINT WARNING * * *
You closely miss Crazy Yiuf.
Crazy Yiuf is almost dead.
* * * LOW HITPOINT WARNING * * *
You feel sick. Crazy Yiuf hits you but does no damage.
Crazy Yiuf hits you with a +4 quarterstaff of chaos.
You die...

......##.............# #.........
......##.............# #...##'###
......#####..........# #.#.##.###
......# ############ ###.......
......# ##....... ......#
#######..<..... ......# ###
###.#..#.##...... ......#
#...##..#..P.......... ......#
#...g♣####.P......#### ####'##
#)..### ##P#.....## ####'#####
### ####.....# .........# #....∩#
.........# #.....##
.........################......#
...........##................#.##
...........##................#..#
....[......##................#..#


You could see Crazy Yiuf.

Vanquished Creatures
  2 dart slugs (D:1)
  3 bats (D:1)
  8 endoplasms (D:1)
  3 giant cockroaches
  3 hobgoblins (D:1)
  6 jackals
  7 kobolds
  4 ball pythons
  6 frilled lizards
  4 goblins
  6 rats
52 creatures vanquished.

Notes
Turn   | Place    | Note
-------+----------+-------------------------------------------
     0 | D:1      | Adrian566 the Demonspawn Fighter began the quest for the
                  | Orb.
     0 | D:1      | Reached XP level 1. HP: 18/18 MP: 1/1
    78 | D:1      | Gained mutation: You have sharp fingernails. [demonic
                  | ancestry]
    78 | D:1      | Reached XP level 2. HP: 16/24 MP: 2/2
   874 | D:1      | Gained mutation: A meltable shield of frost defends you.
                  | (SH +4) [demonic ancestry]
   874 | D:1      | Reached XP level 3. HP: 29/29 MP: 3/3
   944 | D:1      | Found a faded altar of an unknown god.
  1798 | D:2      | Found a hide-covered altar of Uskayaw.
  2035 | D:2      | Found Yptec's Jewellery Emporium.
  2223 | D:2      | Found a runed translucent door.
  2224 | D:2      | Noticed Crazy Yiuf
  2379 | D:2      | HP: 2/42 [poisoned by Crazy Yiuf]
  2379 | D:2      | Slain by Crazy Yiuf

Illustrated notes

Levels and vault maps discovered:
D:1:      dpeg_arrival_chambers_temple_mockup, layout_basic,
          dreamdust_ecumenical_altar_grove, minmay_misc_feat_cross,
          serial_bayou_ford_a, hangedman_decor_lopped, minmay_pentomino_u2
D:2:      layout_basic, basic_altar, serial_shops, shop, uniq_crazy_yiuf_cottage

Skill      XL: |  1  2 |
---------------+-------+-----
Long Blades    | 2 |  2.5
Armour         | 3 |  3.3
Shields        | 3 |  3.0
Fighting       | |  3.3
Dodging        | |  0.1

Action                   || total
-------------------------++-------
Melee: Long sword        ||   149
  Use: Potion            ||     3
       Scroll            ||     3
Armor: Scale mail        ||    66
       Skin              ||     3
Dodge: Dodged            ||    75
Block: Buckler           ||    58

Table legend: (Time is in decaauts)
 A = Elapsed time spent in this place.
 B = Non-inter-level travel time spent in this place.
 C = Inter-level travel time spent in this place.
 D = Time resting spent in this place.
 E = Time spent auto-exploring this place.
 F = Levels seen in this place.
 G = Mean time per level.
                   A        B        C        D        E       F      G
               +--------+--------+--------+--------+--------+-----+--------+
         Total |   2433 |   2397 |     36 |    235 |   1799 |   2 | 1216.5 |
       Dungeon |   2433 |   2397 |     36 |    235 |   1799 |   2 | 1216.5 |
               +--------+--------+--------+--------+--------+-----+--------+

Top non-repeatable levels by time:
     D:1: 1550 daAuts
     D:2: 883 daAuts
